[ AOE2 MATCH · #476676482 ]
UnrankedEthiopians vs Britons
[ REPLAY ANALYSIS · EXTRACTED FROM THE RECORDED GAME ]
Feudal
9:20
Castle
—
Imperial
—
| APM avg | 82.4 |
| APM peak | 137 |
| eAPM avg | 42.1 |
| Villagers / military | 58 / 58 |
Focus
⚔️ 45.9% · 🌾 54.1%
Archer ×58
Feudal
9:20
Castle
23:14
Imperial
—
| APM avg | 69.0 |
| APM peak | 88 |
| eAPM avg | 23.7 |
| Villagers / military | 61 / 42 |
Focus
⚔️ 37.5% · 🌾 62.5%
Archer ×42
Feudal
9:28
Castle
—
Imperial
—
| APM avg | 55.2 |
| APM peak | 103 |
| eAPM avg | 24.0 |
| Villagers / military | 45 / 23 |
Focus
⚔️ 54.1% · 🌾 45.9%
Scout Cavalry ×22 · Spearman ×1
Feudal
8:50
Castle
—
Imperial
—
| APM avg | 42.6 |
| APM peak | 76 |
| eAPM avg | 22.5 |
| Villagers / military | 59 / 30 |
Focus
⚔️ 42.7% · 🌾 57.3%
Scout Cavalry ×29 · Spearman ×1
Feudal
8:52
Castle
—
Imperial
—
| APM avg | 54.8 |
| APM peak | 93 |
| eAPM avg | 25.5 |
| Villagers / military | 50 / 42 |
Focus
⚔️ 44.1% · 🌾 55.9%
Archer ×41 · Spearman ×1
Feudal
9:05
Castle
21:20
Imperial
—
| APM avg | 56.9 |
| APM peak | 104 |
| eAPM avg | 22.0 |
| Villagers / military | 53 / 61 |
Focus
⚔️ 43.3% · 🌾 56.7%
Archer ×61
Match map
Initial resources + every placement click. Lines = walls · curves = elevation contours. ◆ gold · ⬟ stone · ● berries · ✦ relic · ◌ wall gap
Your base· Open — unwalled flank
NuMa | Paradox's base· ✓ Closed at 23:14 · 59t walls · no gate
[NOGG] HaZarD10S's base· Open — unwalled flank
_SpAldInG_'s base· Open — unwalled flank
DL | Tio GG 800 / Twitch TV's base· Open — unwalled flank
Xi's base· ✓ Closed at 21:20 · 41t walls · no gate
Smoothed initial terrain · ◌ = detected wall gap · hover for details
Inputs per minute
— Nedture - - NuMa | Paradox
Build order — Nedture
First 150 of 181 actions detected
| 0:00 | Create | Villager (Male) |
| 0:01 | Create | Villager (Male) |
| 0:01 | Create | Villager (Male) |
| 0:03 | Build | House |
| 0:08 | Build | House |
| 0:08 | Create | Villager (Male) |
| 1:24 | Create | Villager (Male) |
| 1:24 | Create | Villager (Male) |
| 2:00 | Create | Villager (Male) |
| 2:03 | Build | Lumber Camp |
| 2:20 | Create | Villager (Male) |
| 2:21 | Create | Villager (Male) |
| 2:53 | Create | Villager (Male) |
| 3:15 | Build | House |
| 3:15 | Create | Villager (Male) |
| 3:37 | Create | Villager (Male) |
| 4:00 | Create | Villager (Male) |
| 4:19 | Create | Villager (Male) |
| 4:51 | Create | Villager (Male) |
| 5:04 | Create | Villager (Male) |
| 5:04 | Create | Villager (Male) |
| 5:29 | Research | Loom |
| 5:29 | Research | Loom |
| 6:32 | Create | Villager (Male) |
| 6:39 | Build | Mining Camp |
| 6:41 | Create | Villager (Male) |
| 7:10 | Research | Feudal Age |
| 7:10 | Research | Feudal Age |
| 7:10 | Research | Feudal Age |
| 7:10 | Research | Feudal Age |
| 7:10 | Research | Feudal Age |
| 7:10 | Research | Feudal Age |
| 7:10 | Research | Feudal Age |
| 7:55 | Build | House |
| 8:34 | Build | Barracks |
| 8:57 | Create | Villager (Male) |
| 9:20 | Age | Feudal Age |
| 9:34 | Build | Archery Range |
| 9:38 | Create | Villager (Male) |
| 9:43 | Build | Archery Range |
| 9:46 | Create | Villager (Male) |
| 9:50 | Create | Villager (Male) |
| 9:54 | Create | Villager (Male) |
| 10:00 | Create | Villager (Male) |
| 10:08 | Research | Double-Bit Axe |
| 10:08 | Research | Double-Bit Axe |
| 10:09 | Research | Double-Bit Axe |
| 10:09 | Create | Villager (Male) |
| 10:29 | Create | Villager (Male) |
| 10:33 | Create | Villager (Male) |
| 10:35 | Create | Archer |
| 10:36 | Create | Archer |
| 10:36 | Create | Archer |
| 10:41 | Create | Villager (Male) |
| 10:45 | Create | Archer |
| 10:45 | Create | Archer |
| 10:45 | Create | Archer |
| 11:07 | Build | House |
| 11:09 | Research | Town Watch |
| 11:09 | Research | Town Watch |
| 11:14 | Create | Villager (Male) |
| 11:21 | Create | Villager (Male) |
| 11:27 | Create | Archer |
| 11:30 | Build | House |
| 11:42 | Build | Blacksmith |
| 11:48 | Create | Archer |
| 12:14 | Create | Villager (Male) |
| 12:16 | Create | Villager (Male) |
| 12:29 | Build | House |
| 12:36 | Create | Villager (Male) |
| 12:46 | Build | Watch Tower |
| 12:48 | Create | Archer |
| 12:53 | Create | Archer |
| 12:55 | Build | House |
| 12:57 | Create | Villager (Male) |
| 13:14 | Create | Villager (Male) |
| 13:16 | Create | Villager (Male) |
| 13:19 | Create | Villager (Male) |
| 13:39 | Build | House |
| 14:00 | Build | House |
| 14:02 | Build | House |
| 14:04 | Build | Palisade Wall |
| 14:23 | Build | House |
| 14:27 | Build | Lumber Camp |
| 14:29 | Create | Archer |
| 14:29 | Create | Archer |
| 14:40 | Create | Archer |
| 14:40 | Create | Archer |
| 14:49 | Create | Archer |
| 14:49 | Create | Archer |
| 14:50 | Create | Archer |
| 15:06 | Build | Outpost |
| 15:24 | Build | Outpost |
| 15:45 | Build | Mill |
| 15:51 | Create | Archer |
| 15:51 | Create | Archer |
| 15:52 | Create | Archer |
| 15:52 | Create | Archer |
| 16:06 | Create | Archer |
| 16:28 | Create | Archer |
| 16:28 | Create | Archer |
| 16:36 | Build | Archery Range |
| 16:38 | Create | Archer |
| 16:38 | Create | Archer |
| 16:39 | Create | Archer |
| 16:43 | Create | Archer |
| 16:44 | Create | Archer |
| 16:56 | Create | Archer |
| 16:56 | Create | Archer |
| 17:15 | Create | Archer |
| 17:17 | Create | Archer |
| 17:17 | Create | Archer |
| 17:45 | Create | Archer |
| 17:46 | Create | Archer |
| 17:46 | Create | Archer |
| 17:53 | Build | Archery Range |
| 18:02 | Build | Farm |
| 18:02 | Build | Farm |
| 18:04 | Create | Archer |
| 18:05 | Create | Archer |
| 18:26 | Research | Fletching |
| 18:26 | Research | Fletching |
| 18:50 | Create | Archer |
| 19:00 | Create | Archer |
| 19:01 | Create | Archer |
| 19:04 | Create | Villager (Male) |
| 19:08 | Build | House |
| 19:08 | Create | Villager (Male) |
| 19:17 | Create | Villager (Male) |
| 19:18 | Create | Villager (Male) |
| 19:20 | Build | Farm |
| 19:23 | Build | Farm |
| 19:24 | Build | Farm |
| 19:25 | Create | Archer |
| 19:26 | Create | Archer |
| 19:34 | Build | Farm |
| 20:02 | Create | Archer |
| 20:10 | Create | Archer |
| 20:10 | Create | Villager (Male) |
| 20:12 | Build | Farm |
| 20:15 | Create | Villager (Male) |
| 20:15 | Create | Villager (Male) |
| 20:19 | Build | Farm |
| 20:25 | Create | Archer |
| 20:26 | Create | Archer |
| 20:38 | Create | Archer |
| 20:38 | Create | Archer |
| 20:39 | Create | Villager (Male) |
| 20:42 | Create | Villager (Male) |
| 20:50 | Create | Archer |
Build order — NuMa | Paradox
First 150 of 171 actions detected
| 0:02 | Create | Villager (Male) |
| 0:03 | Create | Villager (Male) |
| 0:04 | Build | House |
| 0:05 | Build | House |
| 0:06 | Create | Villager (Male) |
| 0:06 | Create | Villager (Male) |
| 1:24 | Create | Villager (Male) |
| 1:24 | Create | Villager (Male) |
| 1:38 | Build | Lumber Camp |
| 1:51 | Create | Villager (Male) |
| 2:03 | Create | Villager (Male) |
| 2:29 | Create | Villager (Male) |
| 2:30 | Create | Villager (Male) |
| 2:50 | Create | Villager (Male) |
| 3:26 | Build | House |
| 3:35 | Create | Villager (Male) |
| 3:59 | Build | Mining Camp |
| 4:02 | Create | Villager (Male) |
| 4:18 | Create | Villager (Male) |
| 4:31 | Create | Villager (Male) |
| 4:49 | Create | Villager (Male) |
| 4:49 | Create | Villager (Male) |
| 5:09 | Create | Villager (Male) |
| 5:09 | Create | Villager (Male) |
| 5:30 | Create | Villager (Male) |
| 5:54 | Create | Villager (Male) |
| 5:54 | Create | Villager (Male) |
| 5:54 | Create | Villager (Male) |
| 6:01 | Research | Loom |
| 7:10 | Research | Feudal Age |
| 7:37 | Build | Barracks |
| 7:38 | Build | House |
| 9:08 | Create | Villager (Male) |
| 9:14 | Create | Villager (Male) |
| 9:20 | Create | Villager (Male) |
| 9:20 | Age | Feudal Age |
| 9:26 | Build | Archery Range |
| 9:27 | Build | Archery Range |
| 9:48 | Create | Villager (Male) |
| 9:55 | Create | Villager (Male) |
| 10:07 | Build | House |
| 10:13 | Build | House |
| 10:16 | Create | Villager (Male) |
| 10:20 | Build | Blacksmith |
| 10:25 | Create | Archer |
| 10:25 | Create | Archer |
| 10:37 | Build | House |
| 10:40 | Create | Archer |
| 10:41 | Create | Archer |
| 10:42 | Create | Villager (Male) |
| 10:55 | Research | Double-Bit Axe |
| 11:05 | Create | Archer |
| 11:05 | Create | Archer |
| 11:14 | Build | Mill |
| 11:20 | Research | Fletching |
| 11:21 | Research | Fletching |
| 11:31 | Build | House |
| 11:32 | Build | Palisade Wall |
| 11:33 | Create | Villager (Male) |
| 11:34 | Create | Villager (Male) |
| 12:03 | Create | Villager (Male) |
| 12:28 | Create | Villager (Male) |
| 12:28 | Create | Archer |
| 12:29 | Create | Archer |
| 12:29 | Create | Archer |
| 12:30 | Build | Farm |
| 12:47 | Build | Farm |
| 13:01 | Create | Archer |
| 13:03 | Create | Archer |
| 13:22 | Create | Villager (Male) |
| 13:23 | Create | Villager (Male) |
| 13:27 | Build | Farm |
| 13:31 | Create | Archer |
| 13:38 | Create | Villager (Male) |
| 13:41 | Build | Farm |
| 13:45 | Create | Archer |
| 13:53 | Build | House |
| 14:00 | Create | Villager (Male) |
| 14:00 | Create | Villager (Male) |
| 14:14 | Create | Archer |
| 14:15 | Create | Archer |
| 14:23 | Create | Archer |
| 14:24 | Create | Archer |
| 14:29 | Build | Market |
| 14:30 | Build | Palisade Wall |
| 14:33 | Build | Palisade Wall |
| 14:35 | Build | Palisade Wall |
| 14:41 | Create | Villager (Male) |
| 14:42 | Create | Villager (Male) |
| 14:42 | Create | Villager (Male) |
| 14:45 | Build | Palisade Wall |
| 14:46 | Create | Villager (Male) |
| 14:51 | Create | Archer |
| 15:00 | Build | House |
| 15:04 | Create | Villager (Male) |
| 15:04 | Create | Villager (Male) |
| 15:26 | Create | Villager (Male) |
| 15:26 | Create | Villager (Male) |
| 15:27 | Build | Farm |
| 15:50 | Research | Horse Collar |
| 15:50 | Research | Horse Collar |
| 15:51 | Create | Archer |
| 15:51 | Create | Archer |
| 16:19 | Create | Villager (Male) |
| 16:20 | Build | Farm |
| 16:31 | Create | Villager (Male) |
| 16:32 | Create | Villager (Male) |
| 16:33 | Build | Farm |
| 16:51 | Build | House |
| 16:52 | Build | Palisade Wall |
| 16:59 | Create | Archer |
| 16:59 | Create | Archer |
| 17:00 | Create | Archer |
| 17:19 | Create | Villager (Male) |
| 17:20 | Create | Villager (Male) |
| 17:20 | Create | Villager (Male) |
| 17:21 | Build | House |
| 17:34 | Create | Archer |
| 17:35 | Create | Archer |
| 17:35 | Create | Archer |
| 17:41 | Research | Wheelbarrow |
| 17:42 | Research | Wheelbarrow |
| 18:04 | Create | Villager (Male) |
| 18:04 | Create | Villager (Male) |
| 18:05 | Create | Archer |
| 18:05 | Create | Archer |
| 18:34 | Create | Villager (Male) |
| 18:38 | Create | Villager (Male) |
| 18:41 | Create | Villager (Male) |
| 18:41 | Create | Villager (Male) |
| 18:42 | Build | Farm |
| 18:45 | Build | Farm |
| 18:46 | Create | Archer |
| 19:12 | Create | Villager (Male) |
| 19:13 | Create | Villager (Male) |
| 19:26 | Build | House |
| 19:31 | Build | Palisade Wall |
| 19:38 | Create | Archer |
| 19:38 | Create | Archer |
| 20:05 | Build | Palisade Wall |
| 20:27 | Research | Castle Age |
| 20:27 | Research | Castle Age |
| 20:29 | Build | House |
| 20:44 | Create | Archer |
| 20:46 | Create | Archer |
| 20:46 | Create | Archer |
| 20:52 | Build | Lumber Camp |
| 20:58 | Build | Lumber Camp |
| 21:05 | Build | Lumber Camp |
| 21:13 | Create | Archer |
Build order — [NOGG] HaZarD10S
134 actions detected in the replay
| 0:01 | Create | Villager (Male) |
| 0:02 | Create | Villager (Male) |
| 0:02 | Build | House |
| 0:03 | Build | House |
| 0:06 | Create | Villager (Male) |
| 0:07 | Create | Villager (Male) |
| 0:07 | Create | Villager (Male) |
| 1:14 | Create | Villager (Male) |
| 1:15 | Create | Villager (Male) |
| 1:56 | Create | Villager (Male) |
| 1:57 | Create | Villager (Male) |
| 2:33 | Create | Villager (Male) |
| 2:34 | Create | Villager (Male) |
| 2:46 | Build | Lumber Camp |
| 2:56 | Create | Villager (Male) |
| 2:56 | Create | Villager (Male) |
| 2:56 | Create | Villager (Male) |
| 3:07 | Create | Villager (Male) |
| 3:34 | Create | Villager (Male) |
| 3:56 | Build | House |
| 4:20 | Create | Villager (Male) |
| 4:34 | Build | Mill |
| 5:01 | Create | Villager (Male) |
| 5:36 | Create | Villager (Male) |
| 5:37 | Create | Villager (Male) |
| 6:28 | Create | Villager (Male) |
| 6:53 | Research | Loom |
| 7:10 | Research | Feudal Age |
| 9:06 | Build | Barracks |
| 9:12 | Create | Villager (Male) |
| 9:21 | Build | House |
| 9:28 | Age | Feudal Age |
| 9:28 | Research | Town Watch |
| 9:53 | Build | Stable |
| 9:56 | Create | Villager (Male) |
| 10:02 | Build | Stable |
| 10:18 | Create | Villager (Male) |
| 10:31 | Research | Double-Bit Axe |
| 10:39 | Create | Scout Cavalry |
| 10:44 | Create | Scout Cavalry |
| 10:44 | Create | Villager (Male) |
| 11:08 | Create | Villager (Male) |
| 11:14 | Build | House |
| 11:16 | Create | Scout Cavalry |
| 11:36 | Create | Villager (Male) |
| 11:41 | Build | Farm |
| 11:42 | Build | Farm |
| 11:50 | Build | Mill |
| 11:52 | Create | Scout Cavalry |
| 11:59 | Create | Scout Cavalry |
| 12:00 | Create | Scout Cavalry |
| 12:07 | Build | House |
| 12:07 | Build | House |
| 12:10 | Build | House |
| 12:39 | Create | Villager (Male) |
| 12:49 | Create | Scout Cavalry |
| 12:49 | Create | Scout Cavalry |
| 13:04 | Create | Villager (Male) |
| 13:07 | Build | Farm |
| 13:08 | Build | Farm |
| 13:25 | Create | Villager (Male) |
| 13:27 | Build | House |
| 13:41 | Create | Villager (Male) |
| 13:42 | Create | Spearman |
| 13:54 | Create | Scout Cavalry |
| 13:56 | Create | Scout Cavalry |
| 14:00 | Build | House |
| 14:01 | Build | Palisade Wall |
| 14:04 | Build | Palisade Wall |
| 14:21 | Create | Villager (Male) |
| 14:25 | Build | House |
| 14:46 | Create | Villager (Male) |
| 15:00 | Create | Villager (Male) |
| 15:16 | Build | House |
| 15:17 | Create | Villager (Male) |
| 15:20 | Build | Farm |
| 15:20 | Build | Farm |
| 15:20 | Build | Farm |
| 15:21 | Build | Farm |
| 15:21 | Build | Farm |
| 15:21 | Build | Farm |
| 15:21 | Build | Farm |
| 15:31 | Create | Scout Cavalry |
| 15:31 | Create | Scout Cavalry |
| 15:43 | Build | Farm |
| 15:44 | Create | Villager (Male) |
| 15:54 | Build | House |
| 15:55 | Build | Palisade Wall |
| 16:00 | Build | House |
| 16:02 | Build | Palisade Wall |
| 16:05 | Build | Palisade Wall |
| 16:20 | Build | Blacksmith |
| 16:30 | Create | Villager (Male) |
| 16:42 | Build | Farm |
| 16:46 | Build | Farm |
| 16:56 | Create | Villager (Male) |
| 17:00 | Research | Scale Barding Armor |
| 17:18 | Create | Scout Cavalry |
| 17:32 | Create | Scout Cavalry |
| 17:32 | Create | Scout Cavalry |
| 17:37 | Build | Farm |
| 17:40 | Build | Farm |
| 17:43 | Build | Farm |
| 17:45 | Build | Farm |
| 17:52 | Create | Scout Cavalry |
| 17:52 | Create | Scout Cavalry |
| 18:00 | Build | House |
| 18:01 | Build | House |
| 18:03 | Build | House |
| 18:12 | Create | Villager (Male) |
| 18:12 | Create | Villager (Male) |
| 18:26 | Build | Lumber Camp |
| 18:39 | Create | Scout Cavalry |
| 18:54 | Build | House |
| 18:59 | Create | Scout Cavalry |
| 19:22 | Build | Farm |
| 19:50 | Create | Villager (Male) |
| 20:02 | Create | Villager (Male) |
| 20:16 | Create | Scout Cavalry |
| 20:16 | Create | Scout Cavalry |
| 20:21 | Build | Farm |
| 20:40 | Research | Forging |
| 20:40 | Research | Forging |
| 20:55 | Create | Scout Cavalry |
| 21:30 | Create | Villager (Male) |
| 21:45 | Create | Villager (Male) |
| 21:52 | Build | Farm |
| 21:54 | Build | Mining Camp |
| 21:59 | Build | Market |
| 22:02 | Build | Palisade Wall |
| 22:06 | Build | Palisade Wall |
| 22:21 | Create | Villager (Male) |
| 22:23 | Build | Farm |
| 22:24 | Build | Farm |
Build order — _SpAldInG_
First 150 of 176 actions detected
| 0:01 | Create | Villager (Male) |
| 0:02 | Build | House |
| 0:04 | Build | House |
| 0:05 | Create | Villager (Male) |
| 0:06 | Create | Villager (Male) |
| 0:06 | Create | Villager (Male) |
| 0:06 | Create | Villager (Male) |
| 1:36 | Create | Villager (Male) |
| 1:37 | Create | Villager (Male) |
| 1:42 | Build | Lumber Camp |
| 2:00 | Create | Villager (Male) |
| 2:25 | Create | Villager (Male) |
| 2:25 | Create | Villager (Male) |
| 2:51 | Create | Villager (Male) |
| 2:51 | Create | Villager (Male) |
| 3:07 | Create | Villager (Male) |
| 3:39 | Build | House |
| 3:47 | Create | Villager (Male) |
| 3:47 | Create | Villager (Male) |
| 3:55 | Create | Villager (Male) |
| 3:55 | Create | Villager (Male) |
| 4:23 | Build | Mill |
| 4:32 | Create | Villager (Male) |
| 4:49 | Create | Villager (Male) |
| 5:08 | Create | Villager (Male) |
| 5:23 | Create | Villager (Male) |
| 5:49 | Build | House |
| 6:42 | Research | Feudal Age |
| 7:14 | Build | Lumber Camp |
| 7:59 | Create | Villager (Male) |
| 8:04 | Build | Barracks |
| 8:07 | Research | Loom |
| 8:08 | Create | Villager (Male) |
| 8:50 | Age | Feudal Age |
| 8:53 | Create | Villager (Male) |
| 8:57 | Build | Stable |
| 9:01 | Research | Double-Bit Axe |
| 9:01 | Research | Double-Bit Axe |
| 9:12 | Create | Villager (Male) |
| 9:26 | Build | House |
| 9:30 | Research | Horse Collar |
| 9:33 | Create | Villager (Male) |
| 9:46 | Create | Scout Cavalry |
| 9:50 | Build | House |
| 9:55 | Build | Palisade Wall |
| 9:56 | Create | Villager (Male) |
| 9:58 | Build | Farm |
| 10:06 | Create | Scout Cavalry |
| 10:12 | Create | Villager (Male) |
| 10:14 | Build | Farm |
| 10:23 | Build | Palisade Wall |
| 10:28 | Create | Villager (Male) |
| 10:40 | Build | Farm |
| 10:50 | Build | Farm |
| 11:10 | Create | Scout Cavalry |
| 11:19 | Build | Farm |
| 11:21 | Build | House |
| 11:29 | Create | Villager (Male) |
| 11:55 | Create | Scout Cavalry |
| 12:04 | Build | Blacksmith |
| 12:06 | Build | House |
| 12:08 | Build | Palisade Wall |
| 12:13 | Create | Villager (Male) |
| 12:16 | Build | Mining Camp |
| 12:18 | Build | House |
| 12:22 | Create | Scout Cavalry |
| 12:24 | Create | Villager (Male) |
| 12:50 | Build | Stable |
| 12:55 | Create | Villager (Male) |
| 13:07 | Build | Farm |
| 13:10 | Create | Villager (Male) |
| 13:23 | Build | Palisade Wall |
| 13:24 | Build | Palisade Wall |
| 13:30 | Build | Farm |
| 13:37 | Create | Scout Cavalry |
| 13:40 | Build | House |
| 13:43 | Build | Palisade Wall |
| 13:45 | Build | Palisade Wall |
| 13:50 | Create | Villager (Male) |
| 13:56 | Build | Palisade Wall |
| 14:07 | Create | Scout Cavalry |
| 14:12 | Build | Palisade Wall |
| 14:13 | Build | Palisade Wall |
| 14:19 | Create | Spearman |
| 14:26 | Build | House |
| 14:30 | Build | House |
| 14:32 | Build | Palisade Wall |
| 14:37 | Build | Palisade Wall |
| 14:38 | Build | Palisade Wall |
| 15:09 | Create | Villager (Male) |
| 15:14 | Build | House |
| 15:18 | Create | Scout Cavalry |
| 15:20 | Create | Villager (Male) |
| 15:25 | Build | Farm |
| 15:26 | Build | Farm |
| 15:29 | Build | Farm |
| 15:34 | Create | Villager (Male) |
| 15:42 | Build | House |
| 15:44 | Create | Scout Cavalry |
| 15:44 | Create | Scout Cavalry |
| 15:46 | Research | Forging |
| 15:59 | Build | Palisade Wall |
| 16:04 | Build | House |
| 16:05 | Create | Scout Cavalry |
| 16:09 | Create | Villager (Male) |
| 16:16 | Build | Farm |
| 16:19 | Build | Farm |
| 16:33 | Research | Scale Barding Armor |
| 16:43 | Build | Palisade Wall |
| 16:51 | Create | Villager (Male) |
| 16:59 | Create | Scout Cavalry |
| 16:59 | Create | Scout Cavalry |
| 17:06 | Create | Villager (Male) |
| 17:11 | Build | Farm |
| 17:15 | Build | Market |
| 17:28 | Create | Villager (Male) |
| 17:34 | Build | Palisade Gate |
| 17:42 | Create | Villager (Male) |
| 18:14 | Create | Scout Cavalry |
| 18:14 | Create | Scout Cavalry |
| 18:14 | Create | Scout Cavalry |
| 18:18 | Create | Villager (Male) |
| 18:25 | Build | Farm |
| 18:28 | Build | Farm |
| 18:44 | Create | Villager (Male) |
| 18:46 | Create | Villager (Male) |
| 18:58 | Create | Scout Cavalry |
| 18:58 | Create | Scout Cavalry |
| 19:00 | Research | Bloodlines |
| 19:00 | Research | Bloodlines |
| 19:07 | Create | Villager (Male) |
| 19:13 | Build | Stable |
| 19:17 | Create | Villager (Male) |
| 19:19 | Build | Farm |
| 19:35 | Create | Villager (Male) |
| 19:37 | Create | Scout Cavalry |
| 19:38 | Create | Scout Cavalry |
| 19:44 | Create | Villager (Male) |
| 19:46 | Build | Farm |
| 20:07 | Create | Villager (Male) |
| 20:11 | Build | Farm |
| 20:11 | Build | Farm |
| 20:13 | Build | Farm |
| 20:14 | Build | Farm |
| 20:17 | Create | Scout Cavalry |
| 20:18 | Create | Scout Cavalry |
| 20:18 | Create | Scout Cavalry |
| 20:22 | Create | Villager (Male) |
| 20:24 | Build | Farm |
| 20:25 | Build | Farm |
Build order — DL | Tio GG 800 / Twitch TV
143 actions detected in the replay
| 0:02 | Create | Villager (Male) |
| 0:04 | Build | House |
| 0:05 | Build | House |
| 0:09 | Create | Villager (Male) |
| 0:19 | Create | Villager (Male) |
| 0:22 | Create | Villager (Male) |
| 1:21 | Create | Villager (Male) |
| 1:38 | Create | Villager (Male) |
| 2:14 | Build | Lumber Camp |
| 2:25 | Create | Villager (Male) |
| 2:35 | Create | Villager (Male) |
| 2:41 | Build | House |
| 2:42 | Build | House |
| 3:21 | Create | Villager (Male) |
| 3:23 | Create | Villager (Male) |
| 3:45 | Build | House |
| 4:00 | Create | Villager (Male) |
| 4:05 | Create | Villager (Male) |
| 4:10 | Create | Villager (Male) |
| 4:36 | Create | Villager (Male) |
| 4:46 | Create | Villager (Male) |
| 5:00 | Create | Villager (Male) |
| 5:22 | Create | Villager (Male) |
| 5:47 | Create | Villager (Male) |
| 5:48 | Build | Mining Camp |
| 6:09 | Research | Loom |
| 6:42 | Research | Feudal Age |
| 7:51 | Create | Villager (Male) |
| 7:54 | Build | Barracks |
| 8:20 | Create | Villager (Male) |
| 8:36 | Create | Villager (Male) |
| 8:44 | Create | Villager (Male) |
| 8:52 | Age | Feudal Age |
| 9:05 | Build | Archery Range |
| 9:06 | Create | Villager (Male) |
| 9:43 | Build | Archery Range |
| 9:46 | Create | Villager (Male) |
| 9:49 | Research | Double-Bit Axe |
| 9:50 | Create | Villager (Male) |
| 10:12 | Build | House |
| 10:14 | Build | Palisade Wall |
| 10:15 | Create | Archer |
| 10:26 | Create | Archer |
| 10:40 | Create | Archer |
| 10:44 | Build | Palisade Gate |
| 10:49 | Create | Villager (Male) |
| 10:49 | Create | Archer |
| 11:00 | Create | Archer |
| 11:14 | Build | House |
| 11:15 | Build | Palisade Wall |
| 11:16 | Create | Archer |
| 11:32 | Create | Spearman |
| 12:02 | Create | Archer |
| 12:03 | Create | Archer |
| 12:10 | Create | Archer |
| 12:24 | Create | Archer |
| 12:32 | Create | Villager (Male) |
| 12:33 | Create | Villager (Male) |
| 12:43 | Create | Archer |
| 12:46 | Create | Villager (Male) |
| 12:59 | Build | Palisade Wall |
| 12:59 | Create | Archer |
| 13:00 | Create | Archer |
| 13:01 | Create | Villager (Male) |
| 13:05 | Create | Villager (Male) |
| 13:15 | Create | Archer |
| 13:15 | Create | Archer |
| 13:21 | Create | Villager (Male) |
| 13:37 | Build | Palisade Wall |
| 13:39 | Build | Palisade Wall |
| 13:41 | Build | Blacksmith |
| 13:44 | Create | Villager (Male) |
| 13:50 | Build | House |
| 13:56 | Build | House |
| 14:00 | Research | Town Watch |
| 14:00 | Research | Town Watch |
| 14:26 | Research | Fletching |
| 14:26 | Research | Fletching |
| 14:28 | Create | Archer |
| 14:32 | Create | Archer |
| 14:32 | Create | Archer |
| 14:35 | Research | Padded Archer Armor |
| 14:35 | Research | Padded Archer Armor |
| 14:36 | Create | Archer |
| 14:45 | Build | Palisade Wall |
| 14:51 | Build | House |
| 14:52 | Create | Archer |
| 14:52 | Create | Archer |
| 14:57 | Create | Villager (Male) |
| 15:09 | Create | Archer |
| 15:28 | Create | Villager (Male) |
| 15:44 | Create | Archer |
| 15:46 | Create | Archer |
| 15:54 | Create | Villager (Male) |
| 15:56 | Build | Mill |
| 16:02 | Create | Villager (Male) |
| 16:09 | Create | Archer |
| 16:28 | Create | Archer |
| 16:35 | Build | House |
| 16:38 | Create | Archer |
| 16:46 | Build | Farm |
| 16:48 | Create | Villager (Male) |
| 16:48 | Create | Villager (Male) |
| 16:59 | Create | Archer |
| 16:59 | Create | Archer |
| 17:06 | Build | Farm |
| 17:13 | Build | Palisade Wall |
| 17:51 | Create | Archer |
| 17:52 | Create | Archer |
| 18:17 | Create | Archer |
| 18:21 | Build | Farm |
| 18:21 | Build | Farm |
| 18:22 | Build | Farm |
| 18:22 | Create | Villager (Male) |
| 18:24 | Create | Archer |
| 18:33 | Build | Farm |
| 18:34 | Create | Villager (Male) |
| 18:36 | Create | Villager (Male) |
| 18:57 | Build | Farm |
| 19:10 | Research | Wheelbarrow |
| 19:10 | Research | Wheelbarrow |
| 19:10 | Create | Villager (Male) |
| 19:13 | Create | Villager (Male) |
| 19:39 | Build | Market |
| 19:41 | Create | Villager (Male) |
| 20:02 | Create | Villager (Male) |
| 20:03 | Build | Farm |
| 20:10 | Create | Villager (Male) |
| 20:17 | Create | Archer |
| 20:18 | Create | Archer |
| 20:20 | Create | Archer |
| 20:30 | Build | House |
| 20:32 | Build | House |
| 20:45 | Create | Villager (Male) |
| 22:14 | Research | Castle Age |
| 22:42 | Create | Archer |
| 22:42 | Create | Archer |
| 22:42 | Create | Archer |
| 22:44 | Build | Lumber Camp |
| 22:47 | Create | Villager (Male) |
| 22:48 | Create | Archer |
| 22:48 | Create | Archer |
| 22:49 | Create | Villager (Male) |
Build order — Xi
First 150 of 190 actions detected
| 0:00 | Create | Villager (Male) |
| 0:00 | Create | Villager (Male) |
| 0:01 | Create | Villager (Male) |
| 0:02 | Build | House |
| 0:03 | Build | House |
| 0:13 | Create | Villager (Male) |
| 0:13 | Create | Villager (Male) |
| 1:27 | Create | Villager (Male) |
| 1:27 | Create | Villager (Male) |
| 1:45 | Build | Lumber Camp |
| 1:57 | Create | Villager (Male) |
| 1:57 | Create | Villager (Male) |
| 2:16 | Create | Villager (Male) |
| 2:46 | Create | Villager (Male) |
| 3:09 | Create | Villager (Male) |
| 3:09 | Create | Villager (Male) |
| 3:50 | Create | Villager (Male) |
| 4:08 | Create | Villager (Male) |
| 4:08 | Create | Villager (Male) |
| 4:12 | Build | House |
| 4:23 | Build | Palisade Wall |
| 4:27 | Build | House |
| 4:33 | Create | Villager (Male) |
| 4:33 | Create | Villager (Male) |
| 4:50 | Build | Palisade Wall |
| 5:04 | Create | Villager (Male) |
| 5:04 | Create | Villager (Male) |
| 5:23 | Create | Villager (Male) |
| 6:20 | Build | Mining Camp |
| 6:24 | Research | Loom |
| 6:55 | Research | Feudal Age |
| 7:05 | Build | Lumber Camp |
| 8:34 | Build | Barracks |
| 9:05 | Age | Feudal Age |
| 9:07 | Create | Villager (Male) |
| 9:27 | Build | Archery Range |
| 9:42 | Create | Villager (Male) |
| 9:48 | Build | Archery Range |
| 9:54 | Research | Double-Bit Axe |
| 9:54 | Research | Double-Bit Axe |
| 10:03 | Create | Villager (Male) |
| 10:15 | Build | House |
| 10:22 | Create | Villager (Male) |
| 10:24 | Create | Archer |
| 10:42 | Create | Villager (Male) |
| 10:44 | Create | Archer |
| 10:45 | Create | Archer |
| 10:50 | Build | House |
| 10:54 | Create | Villager (Male) |
| 10:56 | Create | Archer |
| 11:10 | Build | Palisade Wall |
| 11:11 | Build | Palisade Wall |
| 11:16 | Build | Palisade Wall |
| 11:18 | Build | Palisade Wall |
| 11:20 | Create | Archer |
| 11:20 | Create | Archer |
| 11:21 | Create | Villager (Male) |
| 11:31 | Build | Blacksmith |
| 11:50 | Create | Archer |
| 11:51 | Create | Archer |
| 11:59 | Build | House |
| 12:11 | Create | Villager (Male) |
| 12:25 | Build | House |
| 12:27 | Build | Palisade Wall |
| 12:32 | Research | Fletching |
| 12:32 | Research | Fletching |
| 12:46 | Create | Archer |
| 12:46 | Create | Archer |
| 12:48 | Create | Villager (Male) |
| 12:59 | Build | Mill |
| 13:10 | Create | Villager (Male) |
| 13:21 | Create | Archer |
| 13:21 | Create | Archer |
| 13:28 | Build | Palisade Gate |
| 13:35 | Create | Villager (Male) |
| 13:38 | Build | Farm |
| 13:39 | Build | Farm |
| 13:40 | Build | Farm |
| 13:46 | Create | Archer |
| 14:02 | Build | House |
| 14:03 | Create | Villager (Male) |
| 14:11 | Create | Archer |
| 14:11 | Create | Archer |
| 14:18 | Create | Villager (Male) |
| 14:20 | Build | Farm |
| 14:32 | Create | Villager (Male) |
| 14:35 | Build | Farm |
| 14:42 | Build | Palisade Wall |
| 14:47 | Create | Archer |
| 14:47 | Create | Archer |
| 14:53 | Build | House |
| 15:04 | Build | Farm |
| 15:06 | Build | Farm |
| 15:08 | Create | Villager (Male) |
| 15:15 | Create | Archer |
| 15:26 | Build | Farm |
| 15:34 | Build | Farm |
| 15:35 | Build | Farm |
| 15:41 | Create | Villager (Male) |
| 15:44 | Create | Archer |
| 15:45 | Create | Archer |
| 15:53 | Build | Farm |
| 15:54 | Create | Villager (Male) |
| 15:57 | Build | House |
| 16:02 | Create | Villager (Male) |
| 16:04 | Create | Archer |
| 16:12 | Create | Archer |
| 16:12 | Create | Archer |
| 16:30 | Create | Archer |
| 16:43 | Build | House |
| 16:58 | Create | Villager (Male) |
| 16:59 | Create | Archer |
| 17:00 | Create | Villager (Male) |
| 17:09 | Build | Farm |
| 17:11 | Build | Farm |
| 17:12 | Build | Farm |
| 17:13 | Create | Villager (Male) |
| 17:25 | Build | House |
| 17:54 | Create | Villager (Male) |
| 18:16 | Create | Archer |
| 18:16 | Create | Archer |
| 18:17 | Create | Villager (Male) |
| 18:19 | Build | Farm |
| 18:20 | Build | Farm |
| 18:40 | Research | Castle Age |
| 18:40 | Research | Castle Age |
| 18:53 | Build | Archery Range |
| 18:57 | Create | Archer |
| 18:59 | Research | Padded Archer Armor |
| 19:00 | Research | Padded Archer Armor |
| 19:11 | Create | Archer |
| 19:11 | Create | Archer |
| 19:17 | Create | Archer |
| 19:17 | Create | Archer |
| 19:27 | Build | House |
| 19:29 | Build | House |
| 19:35 | Create | Archer |
| 19:35 | Create | Archer |
| 19:44 | Create | Archer |
| 19:44 | Create | Archer |
| 20:04 | Build | House |
| 20:07 | Create | Archer |
| 20:07 | Create | Archer |
| 20:09 | Create | Archer |
| 20:09 | Create | Archer |
| 20:20 | Research | Gold Mining |
| 20:20 | Research | Gold Mining |
| 20:24 | Create | Archer |
| 20:24 | Create | Archer |
| 20:46 | Create | Archer |
Match timeline
| 4:23 | Xi · wall_segment Palisade Wall x1 |
| 4:50 | Xi · wall_segment Palisade Wall x2 |
| 7:37 | NuMa | Paradox · first_building Barracks |
| 7:54 | DL | Tio GG 800 / Twitch TV · first_building Barracks |
| 8:04 | _SpAldInG_ · first_building Barracks |
| 8:34 | Xi · first_building Barracks |
| 8:34 | Nedture · first_building Barracks |
| 8:50 | _SpAldInG_ · age_up feudal |
| 8:52 | DL | Tio GG 800 / Twitch TV · age_up feudal |
| 8:57 | _SpAldInG_ · first_building Stable |
| 9:05 | Xi · age_up feudal |
| 9:05 | DL | Tio GG 800 / Twitch TV · first_building Archery Range |
| 9:06 | [NOGG] HaZarD10S · first_building Barracks |
| 9:20 | Nedture · age_up feudal |
| 9:20 | NuMa | Paradox · age_up feudal |
| 9:26 | NuMa | Paradox · first_building Archery Range |
| 9:27 | Xi · first_building Archery Range |
| 9:28 | [NOGG] HaZarD10S · age_up feudal |
| 9:34 | Nedture · first_building Archery Range |
| 9:53 | [NOGG] HaZarD10S · first_building Stable |
| 9:55 | _SpAldInG_ · wall_segment Palisade Wall x6 |
| 10:14 | DL | Tio GG 800 / Twitch TV · wall_segment Palisade Wall x11 |
| 10:23 | _SpAldInG_ · wall_segment Palisade Wall x7 |
| 11:10 | Xi · wall_segment Palisade Wall x3 |
| 11:11 | Xi · wall_segment Palisade Wall x8 |
| 11:15 | DL | Tio GG 800 / Twitch TV · wall_segment Palisade Wall x2 |
| 11:16 | Xi · wall_segment Palisade Wall x2 |
| 11:18 | Xi · wall_segment Palisade Wall x11 |
| 11:32 | NuMa | Paradox · wall_segment Palisade Wall x10 |
| 12:08 | _SpAldInG_ · wall_segment Palisade Wall x7 |
| 12:27 | Xi · wall_segment Palisade Wall x14 |
| 12:59 | DL | Tio GG 800 / Twitch TV · wall_segment Palisade Wall x6 |
| 13:23 | _SpAldInG_ · wall_segment Palisade Wall x9 |
| 13:24 | _SpAldInG_ · wall_segment Palisade Wall x1 |
| 13:37 | DL | Tio GG 800 / Twitch TV · wall_segment Palisade Wall x1 |
| 13:39 | DL | Tio GG 800 / Twitch TV · wall_segment Palisade Wall x1 |
| 13:43 | _SpAldInG_ · wall_segment Palisade Wall x2 |
| 13:45 | _SpAldInG_ · wall_segment Palisade Wall x5 |
| 13:56 | _SpAldInG_ · wall_segment Palisade Wall x11 |
| 14:01 | [NOGG] HaZarD10S · wall_segment Palisade Wall x1 |
| 14:04 | Nedture · wall_segment Palisade Wall x1 |
| 14:04 | [NOGG] HaZarD10S · wall_segment Palisade Wall x5 |
| 14:12 | _SpAldInG_ · wall_segment Palisade Wall x1 |
| 14:13 | _SpAldInG_ · wall_segment Palisade Wall x1 |
| 14:30 | NuMa | Paradox · wall_segment Palisade Wall x3 |
| 14:32 | _SpAldInG_ · wall_segment Palisade Wall x1 |
| 14:33 | NuMa | Paradox · wall_segment Palisade Wall x10 |
| 14:35 | NuMa | Paradox · wall_segment Palisade Wall x5 |
| 14:37 | _SpAldInG_ · wall_segment Palisade Wall x1 |
| 14:38 | _SpAldInG_ · wall_segment Palisade Wall x1 |
| 14:42 | Xi · wall_segment Palisade Wall x2 |
| 14:45 | DL | Tio GG 800 / Twitch TV · wall_segment Palisade Wall x12 |
| 14:45 | NuMa | Paradox · wall_segment Palisade Wall x16 |
| 15:55 | [NOGG] HaZarD10S · wall_segment Palisade Wall x5 |
| 15:59 | _SpAldInG_ · wall_segment Palisade Wall x10 |
| 16:02 | [NOGG] HaZarD10S · wall_segment Palisade Wall x3 |
| 16:05 | [NOGG] HaZarD10S · wall_segment Palisade Wall x7 |
| 16:43 | _SpAldInG_ · wall_segment Palisade Wall x4 |
| 16:52 | NuMa | Paradox · wall_segment Palisade Wall x5 |
| 17:13 | DL | Tio GG 800 / Twitch TV · wall_segment Palisade Wall x11 |
| 19:31 | NuMa | Paradox · wall_segment Palisade Wall x9 |
| 20:05 | NuMa | Paradox · wall_segment Palisade Wall x1 |
| 20:59 | Nedture · wall_segment Palisade Wall x11 |
| 21:02 | Xi · wall_segment Palisade Wall x1 |
| 21:20 | Xi · age_up castle |
| 21:37 | DL | Tio GG 800 / Twitch TV · first_market_buy 100 food |
| 22:02 | [NOGG] HaZarD10S · wall_segment Palisade Wall x5 |
| 22:06 | [NOGG] HaZarD10S · wall_segment Palisade Wall x5 |
| 22:14 | NuMa | Paradox · wall_segment Palisade Wall x1 |
| 22:56 | [NOGG] HaZarD10S · resign |
| 23:14 | NuMa | Paradox · age_up castle |
| 23:15 | NuMa | Paradox · wall_segment Palisade Wall x1 |
| 23:17 | NuMa | Paradox · wall_segment Palisade Wall x1 |
| 23:53 | _SpAldInG_ · first_market_buy 100 food |
[ AI ANALYSIS · 1 CREDIT ]
What really happened in this match?
Wolo.gg analyzes every decision: build order, eco, micro, common mistakes by bracket. Personalized analysis on WhatsApp or Discord in 30 seconds.
Civ guide
Ethiopians
Perfil
Nedture